 Dungeon Crawl Stone Soup version 0.32-a0-418-g34023cf50c (webtiles) character file.

Game seed: 13683306956420147510

3 Asfel the Ruffian (level 1, 0/15 HPs)
             Began as a Demonspawn Shapeshifter on Feb 21, 2024.
             Slain by a kobold
             ... wielding a +2 dagger of flaming
              (6 damage)
             ... on level 1 of the Dungeon.
             The game lasted 00:00:32 (58 turns).

Asfel the Ruffian (Demonspawn Shapeshifter)           Turns: 58, Time: 00:00:32

Health: 0/15       AC:  2    Str: 14    XL:     1   Next: 41%
Magic:  1/1        EV: 12    Int: 10    God:
Gold:   0          SH:  0    Dex: 12    Spells: 0/0 levels left

rFire   . .          .
                       - Unarmed
rCold   . . .        (no shield)
rNeg    . . .        a - +0 animal skin
rPois   .            (helmet currently unavailable)
rElec   .            (cloak currently unavailable)
rCorr   .            (gloves currently unavailable)
SInv    .            (boots currently unavailable)
Will    .....        (no amulet)
Stlth   +            (no ring)
HPRegen 0.22/turn    (no ring)
MPRegen 0.07/turn

%: no passive effects
@: beast-form
A: beast (slay +1)
a: Begin Untransformation


You were on level 1 of the Dungeon.
You were a hulking beast.
You visited 1 branch of the dungeon, and saw 1 of its levels.

Inventory:

Armour
 a - a +0 animal skin (worn)
Talismans
 c - a beast talisman (active)
 d - a flux talisman
Potions
 b - a potion of lignification


   Skills:
 + Level 1.0 Fighting
 + Level 1.7 Dodging
 + Level 2.8 Unarmed Combat
 + Level 2.7 Shapeshifting


You couldn't memorise any spells.
You didn't know any spells.
Your spell library was empty.

Dungeon Overview and Level Annotations

Branches:
Dungeon (1/15)

Altars:

Shops:
D:1 :


Message History

A frilled lizard is nearby!
The frilled lizard bites you.
You miss the frilled lizard. The frilled lizard misses you.
You hit the frilled lizard.
You kill the frilled lizard!
You see here a frilled lizard corpse.
Found Ziteps's Book Emporium.
A giant cockroach comes into view.
A giant cockroach is nearby!
A giant cockroach is nearby!
A quokka comes into view.
The giant cockroach barely misses you. The giant cockroach bites you. x2
You hit the giant cockroach.
The giant cockroach is almost dead.
The giant cockroach closely misses you.
You hit the giant cockroach.
You kill the giant cockroach!
The quokka bites you but does no damage.
A kobold comes into view. It is wielding a +2 dagger of flaming.
Found a scroll labelled METSUT NYLES.
The quokka barely misses you. The quokka barely misses you.
The quokka bites you.
The kobold shouts!
The quokka bites you but does no damage.
The quokka bites you. The quokka bites you. The quokka closely misses you.
The quokka bites you.
You barely miss the quokka. The quokka bites you.
You hit the quokka.
The quokka is almost dead.
The quokka completely misses you.
You barely miss the quokka.
The quokka is almost dead.
The quokka closely misses you.
You hit the quokka.
You kill the quokka!
The kobold hits you with a +2 dagger of flaming.
You die...

##########...##..####
#..# #.....#.....#
##≈.≈#
#.....#.########.≈.≈#
#.....#.†.....##.≈.≈#
##...########....≈.≈#
######..........≈.≈#
................≈.≈#
#.........##.≈.≈..#
#...h.....###≈∩≈#...
#..K.........≈≈≈###.
#.........###.###
#.......### ..
##.....## #.......#
#.......# #.......#
##?....##


You could see a kobold.

Vanquished Creatures
  A giant cockroach (D:1)
  A quokka (D:1)
  A frilled lizard (D:1)
3 creatures vanquished.

Notes
Turn   | Place    | Note
-------+----------+-------------------------------------------
     0 | D:1      | Asfel the Demonspawn Shapeshifter began the quest for the
                  | Orb.
     0 | D:1      | Reached XP level 1. HP: 15/15 MP: 1/1
    29 | D:1      | Found Ziteps's Book Emporium.
    58 | D:1      | Slain by a kobold

Illustrated notes

Levels and vault maps discovered:
D:1:      noname_arrival_rooms_in_the_neighbourhood, layout_rooms, serial_shops,
          nicolae_shop_peninsula, st_stairs_14,
          wander_ebering_terrifying_dragon_lair

Action                     || total
---------------------------++-------
  Melee: Unarmed           ||     8
 Armour: Animal skin       ||    11
  Dodge: Dodged            ||     8

Table legend: (Time is in decaauts)
 A = Elapsed time spent in this place.
 B = Non-inter-level travel time spent in this place.
 C = Inter-level travel time spent in this place.
 D = Time resting spent in this place.
 E = Time spent auto-exploring this place.
 F = Levels seen in this place.
 G = Mean time per level.
                   A        B        C        D        E       F      G
               +--------+--------+--------+--------+--------+-----+--------+
         Total |     57 |     57 |      0 |      0 |     19 |   1 |   57.0 |
       Dungeon |     57 |     57 |      0 |      0 |     19 |   1 |   57.0 |
               +--------+--------+--------+--------+--------+-----+--------+

Top non-repeatable levels by time:
     D:1: 57 daAuts
